TOP OF THE 1ST |
Bismark Border Guards batting - Pitching for Culver City Extras : RHP Larry Stewart
|
Pitching: RHP Larry Stewart
|
|
Batting: LHB Nelson Peña
|
0-0: Ball 1-0: Called Strike 1-1: Ball 2-1: Foul Ball, location: 2F 2-2: Foul Ball, location: 2F 2-2: Foul Ball, location: 2F 2-2: Strikes out looking
|
Batting: LHB Jim Jensen
|
0-0: Foul Ball, location: 2F 0-1: Called Strike 0-2: Ball 1-2: Foul Ball, location: 2F 1-2: SINGLE (Groundball, 6MD)
|
Batting: RHB Carlos MacKinney
|
0-0: Ball 1-0: Fly out, F4 (Popup, 4D)
|
Batting: LHB Norberto Muñóz
|
0-0: Fly out, F5 (Popup, 5F)
|
Top of the 1st over - 0 run(s), 1 hit(s), 0 error(s), 1 left on base; Bismark 0 - Culver City 0 |
BOTTOM OF THE 1ST |
Culver City Extras batting - Pitching for Bismark Border Guards : RHP Jae-hyun Ch'oe
|
Pitching: RHP Jae-hyun Ch'oe
|
|
Batting: LHB Alan Olson
|
0-0: DOUBLE (Line Drive, 9LS)
|
Batting: RHB Sergio Pujols
|
0-0: Ball 1-0: Fly out, F8 (Flyball, 8LM)
|
Batting: LHB Tanyu Imai
|
0-0: Ball 1-0: Called Strike 1-1: Ground out 4-3 (Groundball, 4) Alan Olson to third
|
Batting: RHB Ricardo Cabrera
|
0-0: Ball 1-0: Foul Ball, location: 2F 1-1: Ball 2-1: Foul Ball, location: 2F 2-2: Strikes out swinging
|
Bottom of the 1st over - 0 run(s), 1 hit(s), 0 error(s), 1 left on base; Bismark 0 - Culver City 0 |
TOP OF THE 2ND |
Bismark Border Guards batting - Pitching for Culver City Extras : RHP Larry Stewart
|
Batting: RHB Mike Wright
|
0-0: Ground out 6-3 (Groundball, 6)
|
Batting: RHB Ramiro Ross
|
0-0: Swinging Strike 0-1: Swinging Strike 0-2: Ball 1-2: Strikes out swinging
|
Batting: RHB Salvador Borbón
|
0-0: Ground out 5-3 (Groundball, 56S)
|
Top of the 2nd over - 0 run(s), 0 hit(s), 0 error(s), 0 left on base; Bismark 0 - Culver City 0 |
BOTTOM OF THE 2ND |
Culver City Extras batting - Pitching for Bismark Border Guards : RHP Jae-hyun Ch'oe
|
Batting: RHB António Rodríguez
|
0-0: Ball 1-0: Swinging Strike 1-1: Ball 2-1: Ball 3-1: Base on Balls
|
Batting: RHB Axel Guimont
|
0-0: Ball 1-0: Ball 2-0: Ball 3-0: Called Strike 3-1: Base on Balls António Rodríguez to second
|
Batting: LHB Stan Bates
|
0-0: Called Strike 0-1: Ball 1-1: Ball 2-1: Ball 3-1: Base on Balls António Rodríguez to third Axel Guimont to second
|
Batting: RHB Salvador Medine
|
0-0: Called Strike 0-1: Ball 1-1: Fly out, F8 (Flyball, 8LM)
|
Batting: RHB Roberto Gonzáles
|
0-0: Called Strike 0-1: Swinging Strike 0-2: Ball 1-2: Strikes out swinging
|
Batting: LHB Alan Olson
|
0-0: Ball 1-0: Swinging Strike 1-1: Ball 2-1: Foul Ball, location: 2F 2-2: Foul Ball, location: 2F 2-2: Foul Ball, location: 2F 2-2: Strikes out swinging
|
Bottom of the 2nd over - 0 run(s), 0 hit(s), 0 error(s), 3 left on base; Bismark 0 - Culver City 0 |
TOP OF THE 3RD |
Bismark Border Guards batting - Pitching for Culver City Extras : RHP Larry Stewart
|
Batting: LHB John Summers
|
0-0: Called Strike 0-1: Ball 1-1: Ground out 6-3 (Groundball, 6)
|
Batting: RHB Enrico Rodríguez
|
0-0: Ball 1-0: Ball 2-0: Called Strike 2-1: Ball 3-1: Base on Balls
|
Batting: LHB Nelson Peña
|
0-0: Swinging Strike 0-1: Ball 1-1: SINGLE (Line Drive, 89S) Enrico Rodríguez to second
|
Batting: LHB Jim Jensen
|
0-0: Called Strike 0-1: Ball 1-1: Ball 2-1: Ball 3-1: Called Strike 3-2: Strikes out looking
|
Batting: RHB Carlos MacKinney
|
0-0: Ball 1-0: Ball 2-0: SINGLE (Groundball, 56D) Enrico Rodríguez to third Nelson Peña to second Runner from 3rd tries for Home, SAFE, no throw or cutoff
|
Batting: LHB Norberto Muñóz
|
0-0: Called Strike 0-1: SINGLE (Line Drive, 5) Nelson Peña to third Carlos MacKinney to second Runner from 3rd tries for Home, SAFE, no throw or cutoff
|
Batting: RHB Mike Wright
|
0-0: Reached on error, E6 (Groundball, 6M) Carlos MacKinney to third Norberto Muñóz to second
|
Batting: RHB Ramiro Ross
|
0-0: Called Strike 0-1: Ground out 5-3 (Groundball, 5S)
|
Top of the 3rd over - 2 run(s), 3 hit(s), 1 error(s), 3 left on base; Bismark 2 - Culver City 0 |
BOTTOM OF THE 3RD |
Culver City Extras batting - Pitching for Bismark Border Guards : RHP Jae-hyun Ch'oe
|
Batting: RHB Sergio Pujols
|
0-0: Ball 1-0: Ball 2-0: Ball 3-0: Called Strike 3-1: Base on Balls
|
Batting: LHB Tanyu Imai
|
0-0: Ball 1-0: Ball 2-0: SINGLE (Groundball, 4MD) (infield hit) Sergio Pujols to second
|
Batting: RHB Ricardo Cabrera
|
0-0: Called Strike 0-1: Ball 1-1: DOUBLE (Line Drive, 7LM) Sergio Pujols scores Tanyu Imai to third Runner from 3rd tries for Home, SAFE, no throw or cutoff
|
Batting: RHB António Rodríguez
|
0-0: Ball 1-0: Ball 2-0: Swinging Strike 2-1: Swinging Strike 2-2: Foul Ball, location: 2F 2-2: Strikes out swinging
|
Batting: RHB Axel Guimont
|
0-0: Ground out 2-3 (Groundball, 23) Ricardo Cabrera to third
|
Batting: LHB Stan Bates
|
0-0: Ball 1-0: Ball 2-0: Ball 3-0: Called Strike 3-1: Foul Ball, location: 2F 3-2: Base on Balls
|
Batting: RHB Salvador Medine
|
Pickoff Throw to First - Out!
|
Bottom of the 3rd over - 2 run(s), 2 hit(s), 0 error(s), 0 left on base; Bismark 2 - Culver City 2 |
TOP OF THE 4TH |
Bismark Border Guards batting - Pitching for Culver City Extras : RHP Larry Stewart
|
Batting: RHB Salvador Borbón
|
0-0: Called Strike 0-1: Ball 1-1: Ground out 4-3 (Groundball, 34)
|
Batting: LHB John Summers
|
0-0: Ball 1-0: Called Strike 1-1: Ball 2-1: Foul Ball, location: 2F 2-2: Strikes out swinging
|
Batting: RHB Enrico Rodríguez
|
0-0: Ball 1-0: Called Strike 1-1: Swinging Strike 1-2: Foul Ball, location: 2F 1-2: Strikes out swinging
|
Top of the 4th over - 0 run(s), 0 hit(s), 0 error(s), 0 left on base; Bismark 2 - Culver City 2 |
BOTTOM OF THE 4TH |
Culver City Extras batting - Pitching for Bismark Border Guards : RHP Jae-hyun Ch'oe
|
Batting: RHB Salvador Medine
|
0-0: SINGLE (Flyball, 9S)
|
Batting: RHB Roberto Gonzáles
|
0-0: Ball 1-0: Ball 2-0: Called Strike 2-1: Foul Ball, location: 2F 2-2: SINGLE (Line Drive, 7LS) Salvador Medine to second
|
Batting: LHB Alan Olson
|
0-0: Called Strike 0-1: Swinging Strike 0-2: Ball 1-2: Strikes out swinging
|
Batting: RHB Sergio Pujols
|
0-0: Swinging Strike 0-1: Foul Ball, location: 2F 0-2: Ball 1-2: Foul Ball, location: 2F 1-2: SINGLE (Groundball, 4D) (infield hit) Salvador Medine to third Roberto Gonzáles to second
|
Batting: LHB Tanyu Imai
|
0-0: Called Strike 0-1: Ball 1-1: Ball 2-1: Ball 3-1: Foul Ball, location: 2F 3-2: Foul Ball, location: 2F 3-2: Foul Ball, location: 2F 3-2: Foul Ball, location: 2F 3-2: Base on Balls Salvador Medine scores Roberto Gonzáles to third Sergio Pujols to second
|
Batting: RHB Ricardo Cabrera
|
0-0: Ball 1-0: Ball 2-0: Ball 3-0: Base on Balls Roberto Gonzáles scores Sergio Pujols to third Tanyu Imai to second
|
Batting: RHB António Rodríguez
|
0-0: Called Strike 0-1: Swinging Strike 0-2: Ball 1-2: Ball 2-2: Strikes out swinging
|
Pitching: RHP Fernando Gutiérrez
|
|
Batting: RHB Axel Guimont
|
0-0: Ground out 5-3 (Groundball, 56)
|
Bottom of the 4th over - 2 run(s), 3 hit(s), 0 error(s), 3 left on base; Bismark 2 - Culver City 4 |
TOP OF THE 5TH |
Bismark Border Guards batting - Pitching for Culver City Extras : RHP Larry Stewart
|
Batting: LHB Nelson Peña
|
0-0: Foul Ball, location: 2F 0-1: Ball 1-1: Ground out 1-3 (Groundball, 15)
|
Batting: LHB Jim Jensen
|
0-0: Ball 1-0: Swinging Strike 1-1: Swinging Strike 1-2: Ball 2-2: Ball 3-2: SINGLE (Flyball, 78S)
|
Batting: RHB Carlos MacKinney
|
0-0: Called Strike 0-1: Ball 1-1: Ball 2-1: Called Strike Jim Jensen is caught stealing 2nd base 2-2: Strikes out looking
|
Top of the 5th over - 0 run(s), 1 hit(s), 0 error(s), 0 left on base; Bismark 2 - Culver City 4 |
BOTTOM OF THE 5TH |
Culver City Extras batting - Pitching for Bismark Border Guards : RHP Fernando Gutiérrez
|
Batting: LHB Stan Bates
|
0-0: Called Strike 0-1: Fly out, F8 (Flyball, 8LXD)
|
Batting: RHB Salvador Medine
|
0-0: Called Strike 0-1: Ball 1-1: Fly out, F9 (Flyball, 9M)
|
Batting: RHB Roberto Gonzáles
|
0-0: Ball 1-0: Foul Ball, location: 2F 1-1: Swinging Strike 1-2: Fly out, F9 (Flyball, 9S)
|
Bottom of the 5th over - 0 run(s), 0 hit(s), 0 error(s), 0 left on base; Bismark 2 - Culver City 4 |
TOP OF THE 6TH |
Bismark Border Guards batting - Pitching for Culver City Extras : RHP Larry Stewart
|
Batting: LHB Norberto Muñóz
|
0-0: Ball 1-0: Ground out 6-3 (Groundball, 6)
|
Batting: RHB Mike Wright
|
0-0: Called Strike 0-1: Ball 1-1: Foul Ball, location: 2F 1-2: Foul Ball, location: 2F 1-2: Fly out, F8 (Flyball, 89XD)
|
Batting: RHB Ramiro Ross
|
0-0: Ball 1-0: Foul Ball, location: 2F 1-1: Ball 2-1: Called Strike 2-2: Foul Ball, location: 2F 2-2: Strikes out swinging
|
Top of the 6th over - 0 run(s), 0 hit(s), 0 error(s), 0 left on base; Bismark 2 - Culver City 4 |
BOTTOM OF THE 6TH |
Culver City Extras batting - Pitching for Bismark Border Guards : RHP Fernando Gutiérrez
|
Batting: LHB Alan Olson
|
0-0: Bunted foul 0-1: Ball 1-1: Ball 2-1: Swinging Strike 2-2: SINGLE (Line Drive, 78M)
|
Batting: RHB Sergio Pujols
|
0-0: Ball 1-0: Foul Ball, location: 2F 1-1: Ball 2-1: Ball 3-1: Called Strike 3-2: SINGLE (Line Drive, 8LS) Alan Olson to second
|
Batting: LHB Tanyu Imai
|
0-0: Called Strike 0-1: Ball 1-1: Swinging Strike 1-2: Foul Ball, location: 2F 1-2: Ball 2-2: Foul Ball, location: 2F 2-2: Fielders Choice at 2nd, 1-4 (Groundball, 15S) Alan Olson to third
|
Batting: RHB Ricardo Cabrera
|
0-0: Called Strike 0-1: Swinging Strike 0-2: Ball 1-2: Strikes out swinging
|
Batting: RHB António Rodríguez
|
0-0: Ball 1-0: Ball 2-0: Called Strike 2-1: Ball 3-1: Ground out 1-3 (Groundball, 13S)
|
Bottom of the 6th over - 0 run(s), 2 hit(s), 0 error(s), 2 left on base; Bismark 2 - Culver City 4 |
TOP OF THE 7TH |
Bismark Border Guards batting - Pitching for Culver City Extras : RHP Larry Stewart
|
Pitching: RHP Álex Villegas
|
|
Batting: RHB Salvador Borbón
|
0-0: Ball 1-0: Ball 2-0: DOUBLE (Line Drive, 9LS)
|
Batting: LHB John Summers
|
0-0: Foul Ball, location: 2F 0-1: Foul Ball, location: 2F 0-2: Ball 1-2: Strikes out swinging
|
Batting: RHB Enrico Rodríguez
|
0-0: Called Strike 0-1: Foul Ball, location: 2F 0-2: SINGLE (Groundball, 5L) Salvador Borbón to third
|
Pinch Hitting: LHB Colin Ives
|
0-0: Called Strike 0-1: Foul Ball, location: 2F 0-2: Strikes out swinging
|
Batting: LHB Jim Jensen
|
0-0: Swinging Strike 0-1: Ball 1-1: Foul Ball, location: 2F 1-2: Fly out, F6 (Line Drive, 6M)
|
Top of the 7th over - 0 run(s), 2 hit(s), 0 error(s), 2 left on base; Bismark 2 - Culver City 4 |
BOTTOM OF THE 7TH |
Culver City Extras batting - Pitching for Bismark Border Guards : RHP Fernando Gutiérrez
|
Pitching: RHP Andrew Kirk
|
|
Now in RF: Colin Ives
|
|
Batting: RHB Axel Guimont
|
0-0: Ground out 1-3 (Groundball, 15)
|
Batting: LHB Stan Bates
|
0-0: Ball 1-0: Ball 2-0: Ball 3-0: Base on Balls
|
Batting: RHB Salvador Medine
|
0-0: Ball 1-0: Swinging Strike 1-1: Foul Ball, location: 2F 1-2: Grounds into double play, 6-4-3 (Groundball, 6)
|
Bottom of the 7th over - 0 run(s), 0 hit(s), 0 error(s), 0 left on base; Bismark 2 - Culver City 4 |
TOP OF THE 8TH |
Bismark Border Guards batting - Pitching for Culver City Extras : RHP Álex Villegas
|
Now at 2B: Cal Rogers
|
|
Batting: RHB Carlos MacKinney
|
0-0: SINGLE (Groundball, 56)
|
Batting: LHB Norberto Muñóz
|
0-0: Called Strike 0-1: Ball 1-1: Foul Ball, location: 2F 1-2: Ball Wild Pitch! Carlos MacKinney to second 2-2: Ball 3-2: Base on Balls
|
Pitching: RHP Dale Downs
|
|
Batting: RHB Mike Wright
|
0-0: Called Strike 0-1: Ball 1-1: Foul Ball, location: 2F 1-2: Ball 2-2: Grounds into double play, U6-3 (Groundball, 6) Carlos MacKinney to third
|
Batting: RHB Ramiro Ross
|
0-0: Ball 1-0: Ball 2-0: Ball Wild Pitch! Carlos MacKinney scores 3-0: Called Strike 3-1: Called Strike 3-2: Foul Ball, location: 2F 3-2: Strikes out looking
|
Top of the 8th over - 1 run(s), 1 hit(s), 0 error(s), 0 left on base; Bismark 3 - Culver City 4 |
BOTTOM OF THE 8TH |
Culver City Extras batting - Pitching for Bismark Border Guards : RHP Andrew Kirk
|
Batting: RHB Roberto Gonzáles
|
0-0: Called Strike 0-1: Ball 1-1: SINGLE (Line Drive, 7LS)
|
Batting: LHB Alan Olson
|
0-0: Ball 1-0: Bunted foul 1-1: Ball Roberto Gonzáles steals 2nd base 2-1: Ball 3-1: Bunt missed! 3-2: Ground out 1-3 (Groundball, 13S) Roberto Gonzáles to third
|
Pinch Hitting: LHB Jason Lambert
|
0-0: Called Strike 0-1: Called Strike 0-2: SINGLE (Groundball, 34) Roberto Gonzáles scores
|
Batting: LHB Tanyu Imai
|
0-0: Called Strike 0-1: Ball 1-1: SINGLE (Line Drive, 89M) Jason Lambert to second
|
Batting: RHB Ricardo Cabrera
|
0-0: Called Strike 0-1: Swinging Strike 0-2: Foul Ball, location: 2F 0-2: Ball 1-2: Strikes out looking
|
Pitching: LHP Jim Evens
|
|
Batting: RHB António Rodríguez
|
0-0: Called Strike 0-1: Called Strike 0-2: Ball 1-2: Foul Ball, location: 2F 1-2: Ground out 5-3 (Groundball, 5)
|
Bottom of the 8th over - 1 run(s), 3 hit(s), 0 error(s), 2 left on base; Bismark 3 - Culver City 5 |
TOP OF THE 9TH |
Bismark Border Guards batting - Pitching for Culver City Extras : RHP Dale Downs
|
Pitching: RHP José García
|
|
Now at 3B: Jesús Aquino
|
|
Batting: RHB Salvador Borbón
|
0-0: Foul Ball, location: 2F 0-1: Swinging Strike 0-2: Ground out 4-3 (Groundball, 4)
|
Batting: LHB John Summers
|
0-0: Ground out 6-3 (Groundball, 6M)
|
Batting: RHB Enrico Rodríguez
|
0-0: Ball 1-0: Ground out 6-3 (Groundball, 6)
|
Top of the 9th over - 0 run(s), 0 hit(s), 0 error(s), 0 left on base; Bismark 3 - Culver City 5 |
|